 Dungeon Crawl Stone Soup version 0.21.0-3-g78d12a8 (webtiles) character file.

613 kalstrams the Ducker (level 7, -2/66 HPs)
             Began as a Troll Gladiator on Jan 12, 2018.
             Slain by an orc wizard
             ... wielding a +0 dagger
              (4 damage)
             ... on level 5 of the Dungeon.
             The game lasted 00:16:08 (4310 turns).

kalstrams the Ducker (Troll Gladiator)              Turns: 4310, Time: 00:16:08

Health: -2/66      AC:  6    Str: 26    XL:     7   Next: 20%
Magic:  5/5        EV: 11    Int:  4    God:
Gold:   203        SH:  0    Dex: 10    Spells: 6/6 levels left

rFire    . . .     SeeInvis .   p - +0 halberd
rCold    + . .     Gourm    +   (shield currently unavailable)
rNeg     . . .     Faith    +   b - +1 robe
rPois    .         Spirit   .   c - +0 hat
rElec    .         Reflect  .   (no cloak)
rCorr    .         Harm     .   (gloves unavailable)
MR       .....                  (boots unavailable)
Stlth    +.........             m - amulet of faith
HPRegen  0.61/turn              s - ring of protection from cold
MPRegen  0.09/turn              (no ring)

@: lethally poisoned (-2 -> -6)
A: large, unfitting armour, claws 3, clumsy 1, fast metabolism 3, gourmand, low
mp 1, regeneration 1, shaggy fur 1, strong 1, tough skin 2
a: no special abilities


You were on level 5 of the Dungeon.
You were not hungry.

You visited 1 branch of the dungeon, and saw 5 of its levels.
You also visited: Sewer.

You collected 203 gold pieces.

Inventory:

Hand Weapons
 a - a +0 flail
 j - a +2 short sword of venom
 k - a +1 mace of protection
 l - a +4 spear
 p - a +0 halberd (weapon)
 t - a +0 trident
Missiles
 d - 3 throwing nets (quivered)
Armour
 b - a +1 robe (worn)
 c - a +0 hat (worn)
Jewellery
 m - an amulet of faith (around neck)
 s - a ring of protection from cold (left claw)
Scrolls
 i - 5 scrolls of identify
 o - 4 scrolls of remove curse
Potions
 e - a potion of agility
 g - a potion of brilliance
 h - a potion of cancellation
 n - 4 potions of curing
Comestibles
 f - 7 rations


   Skills:
 + Level 2.9 Fighting
 + Level 3.6 Maces & Flails
 + Level 3.9 Polearms
 + Level 1.7 Throwing
 + Level 4.1 Dodging
 - Level 0.5 Stealth


You had 6 spell levels left.
You didn't know any spells.

Dungeon Overview and Level Annotations

Branches:
Dungeon (5/15)
 Temple: D:4-7

Altars:
Dithmenos


Innate Abilities, Weirdness & Mutations

You are too large for most types of armour.
You have claws for hands.
Your metabolism is lightning-fast.
You like to eat raw meat.
Your natural rate of healing is unusually fast.
You are covered in fur. (AC +1)
You have very tough skin. (AC +2)
You are clumsy. (Dex -2)
Your magical capacity is low. (-10% MP)
Your muscles are strong. (Str +2)


Message History

You feel sick. The orc wizard hits you with a dagger.
* * * LOW HITPOINT WARNING * * *
The scorpion stings you but does no damage.
The orc wizard points at you and mumbles some strange words.
The magic dart hits you!
* * * LOW HITPOINT WARNING * * *
The scorpion closely misses you.
You closely miss the orc wizard.
The orc wizard is heavily wounded.
You feel sick. The orc wizard closely misses you. The scorpion stings you!
* * * LOW HITPOINT WARNING * * *
You are lethally poisoned!
The scorpion poisons you!
The orc wizard hits you but does no damage.
A jackal comes into view.
You barely miss the orc wizard.
The orc wizard is heavily wounded.
* * * LOW HITPOINT WARNING * * *
You feel sick. The orc wizard hits you with a dagger.
You die...

... ##. #. ## #
##########
#.#########.........
#.o@s............###
.......########'####.#..
###.##. #.....##.#.# .h
#. #.....)%.#.. # #.
####....s###### #.
!..'.....O..... ##
####.....###### #.....#
#.....#


You could see a scorpion, an orc wizard and a jackal (wandering).

Vanquished Creatures
  A black bear (D:5)
  A crimson imp (D:5)
  A centaur zombie (D:3)
  A gnoll shaman (D:4)
  An orc priest (D:3)
  An orc wizard (D:3)
  2 worker ants (D:4)
  Terence (D:2)
  15 adders
  8 gnolls
  An ooze (D:3)
  A worm (D:2)
  5 leopard geckos
  8 orcs
  5 giant cockroaches
  5 goblins
  7 hobgoblins
  13 jackals
  A quokka (D:5)
  5 ball pythons
  A ball python skeleton (D:4)
  A bat (D:1)
  7 frilled lizards
  13 kobolds
  6 rats
111 creatures vanquished.

Notes
Turn   | Place    | Note
-------+----------+-------------------------------------------
     0 | D:1      | kalstrams the Troll Gladiator began the quest for the Orb.
     0 | D:1      | Reached XP level 1. HP: 19/19 MP: 0/0
   329 | D:1      | Reached XP level 2. HP: 26/27 MP: 1/1
  1008 | D:2      | Gained mutation: You are clumsy. (Dex -2) [potion of mutation]
  1008 | D:2      | Gained mutation: Your magical capacity is low. (-10% MP) [potion of mutation]
  1008 | D:2      | Gained mutation: Your muscles are strong. (Str +2) [potion of mutation]
  1041 | D:2      | Found a shadowy altar of Dithmenos.
  1074 | D:2      | Reached XP level 3. HP: 31/35 MP: 1/1
  1622 | D:2      | Noticed Terence
  1631 | D:2      | Killed Terence
  1631 | D:2      | Reached skill level 3 in Dodging
  1777 | D:3      | Found a glowing drain.
  1778 | D:3      | Reached XP level 4. HP: 42/42 MP: 2/2
  1810 | D:3      | Reached skill level 1 in Polearms
  1862 | Sewer    | Entered a sewer
  2027 | Sewer    | Reached XP level 5. HP: 49/49 MP: 3/3
  3094 | D:4      | Reached XP level 6. HP: 59/59 MP: 4/4
  4074 | D:5      | Entered Level 5 of the Dungeon
  4120 | D:5      | Reached skill level 4 in Dodging
  4120 | D:5      | Reached XP level 7. HP: 56/66 MP: 5/5
  4309 | D:5      | HP: 3/66 [scorpion (7)]
  4310 | D:5      | Slain by an orc wizard

Skill      XL: |  1  2  3  4  5  6 |
---------------+-------------------+-----
Maces & Flails | 3 |  3.6
Dodging        | 3 4 |  4.1
Fighting       | 2 |  2.9
Polearms       | 1 2 3 |  3.9
Throwing       | |  1.7
Stealth        | |  0.5

Action                   |  1- 3 |  4- 6 |  7- 9 || total
-------------------------+-------+-------+-------++-------
Melee: Flail             |    39 |       |       ||    39
       Spear             |    53 |   176 |       ||   229
       Halberd           |       |    66 |    73 ||   139
       Trident           |       |    47 |       ||    47
  Use: Potion            |     7 |     6 |       ||    13
       Scroll            |     3 |    10 |     1 ||    14
 Stab: Sleeping          |     3 |       |       ||     3
       Distracted        |       |     1 |       ||     1
  Eat: Chunk             |    13 |     9 |       ||    22
       Ration            |     1 |     4 |       ||     5
Armor: Robe              |    39 |    77 |    25 ||   141
Dodge: Dodged            |    43 |   195 |    47 ||   285
